 Dungeon Crawl Stone Soup version 0.29-a0-506-ga2e7fffb44 (webtiles) character file.

Game seed: 3578784723079672450

365 kevlar127 the Ruffian (level 6, -7/62 HPs)
             Began as a Troll Berserker on May 28, 2022.
             Was a Believer of Trog.
             Killed by divine providence
             ... invoked by an orc priest
              (15 damage)
             ... on level 4 of the Dungeon.
             The game lasted 00:07:26 (3000 turns).

kevlar127 the Ruffian (Troll Berserker)             Turns: 3000, Time: 00:07:26

Health: -7/62      AC:  4    Str: 28    XL:     6   Next: 40%
Magic:  5/5        EV: 10    Int:  3    God:    Trog [**....]
Gold:   148        SH:  0    Dex:  9    Spells: 5/5 levels left

rFire   . . .      SeeInvis .     - Unarmed
rCold   . . .      Faith    .   (no shield)
rNeg    . . .      Spirit   .   a - +0 animal skin
rPois   .          Reflect  .   (helmet restricted)
rElec   .          Harm     .   (no cloak)
rCorr   .          Rampage  .   (gloves unavailable)
Will    .....                   (boots unavailable)
Stlth   +.........              (no amulet)
HPRegen 1.00/turn               (no ring)
MPRegen 0.09/turn               (no ring)

@: no status effects
A: large, unfitting armour, claws 3, regeneration 1, shaggy fur 1, tough skin 1
a: Renounce Religion, Berserk, Trog's Hand


You were on level 4 of the Dungeon.
You worshipped Trog.
Trog was pleased with you.
You visited 1 branch of the dungeon, and saw 4 of its levels.

You collected 148 gold pieces.

Inventory:

Missiles
 f - 147 stones (quivered)
Armour
 a - a +0 animal skin (worn)
Wands
 m - a wand of iceblast (11)
Scrolls
 b - 5 scrolls of identify {unknown}
 g - a scroll of brand weapon {unknown}
 h - 3 scrolls of teleportation {unknown}
 i - 2 scrolls of magic mapping {unknown}
 l - a scroll of vulnerability {unknown}
 n - a scroll of torment {unknown}
Potions
 c - 2 potions of curing {unknown}
 d - a potion of degeneration {unknown}
 e - 2 potions of mutation {unknown}
 j - a potion of attraction {unknown}
 k - 3 potions of cancellation {unknown}
 o - 2 potions of heal wounds {unknown}
 p - a potion of brilliance {unknown}
 q - a potion of magic {unknown}


   Skills:
 + Level 4.1 Fighting
 + Level 1.3 Throwing
 - Level 3.0 Dodging
 + Level 5.0 Unarmed Combat
 + Level 0.9 Evocations


You had 5 spell levels left.
You didn't know any spells.
Your spell library was empty.

Dungeon Overview and Level Annotations

Branches:
Dungeon (4/15)             Temple (0/1) D:4

Altars:

Shops:
D:2 [


Innate Abilities, Weirdness & Mutations

You are too large for most types of armour.
You have claws for hands.
Your natural rate of healing is unusually fast.
You are covered in fur. (AC +1)
You have tough skin. (AC +1)


Message History

You kill the orc!
Trog accepts your kill.
You barely miss the orc.
The orc priest looks encouraged for a moment.
The orc misses you.
You claw the orc!
You kill the orc!
Trog accepts your kill. Something hits you. The orc misses you.
You claw the orc!
You kill the orc!
Trog accepts your kill. Something hits you but does no damage.
The orc barely misses you.
You barely miss something. The orc hits you with a +0 club. Something hits you.
* * * LOW HITPOINT WARNING * * *
The orc hits you from afar with a +0 trident of holy wrath.
* * * LOW HITPOINT WARNING * * *
You scratch something. The orc barely misses you.
Something completely misses you. The orc priest hits you with a +0 mace.
* * * LOW HITPOINT WARNING * * *
A goblin comes into view. It is wielding a +0 dagger.
The orc hits you but does no damage.
The goblin shouts!
You claw something! The orc hits you with a +0 club.
* * * LOW HITPOINT WARNING * * *
Something hits you but does no damage. The orc priest hits you with a +0 mace.
* * * LOW HITPOINT WARNING * * *
The orc barely misses you.
You barely miss something. Something hits you.
* * * LOW HITPOINT WARNING * * *
The orc priest hits you but does no damage.
The orc closely misses you.
The orc hits you from afar with a +0 trident of holy wrath.
* * * LOW HITPOINT WARNING * * *
You scratch the orc priest.
The orc priest is moderately wounded.
Something hits you but does no damage. The orc barely misses you.
The orc priest mumbles some strange prayers to Beogh against you.
Beogh smites you!
You die...

#..........########.#.###......
#...............)......####.###
....?..................####.#
#......................##...###
.............:................#
#......$............>........#
#.#...).g..........##........#
#....).....oo{o....##.........
......########@......#........#
#...# #.....[........... ...
#......#######.##. .
#......#........#.
#......#........#.
#####..#........#.
#..#........#. #..#........#.
#..#........#.


You could see an orc priest, 2 orcs and a goblin.

Vanquished Creatures
  An ogre (D:3)
  A jelly (D:4)
  An orc priest (D:4)
  An iguana (D:4)
  An orc wizard (D:4)
  Terence (D:2)
  6 adders
  2 worms (D:2)
  2 dart slugs (D:2)
  5 orcs
  13 ball pythons
  5 bats
  3 endoplasms
  3 giant cockroaches
  3 goblins
  9 hobgoblins
  2 jackals (D:1)
  2 quokkas
  3 frilled lizards (D:1)
  9 kobolds
  2 rats
75 creatures vanquished.

Notes
Turn   | Place    | Note
-------+----------+-------------------------------------------
     0 | D:1      | kevlar127 the Troll Berserker began the quest for the Orb.
     0 | D:1      | Reached XP level 1. HP: 22/22 MP: 0/0
   298 | D:1      | Found a faded altar of an unknown god.
   303 | D:1      | Reached XP level 2. HP: 29/29 MP: 1/1
  1102 | D:2      | Noticed Terence
  1109 | D:2      | Killed Terence
  1110 | D:2      | Reached XP level 3. HP: 34/36 MP: 2/2
  1198 | D:2      | Reached ** piety under Trog
  1295 | D:2      | Reached XP level 4. HP: 45/45 MP: 3/3
  1474 | D:2      | Found Keiviung's Armour Emporium.
  1576 | D:2      | Reached skill level 4 in Unarmed Combat
  1993 | D:3      | Noticed an ogre
  1999 | D:3      | Killed an ogre
  2000 | D:3      | Reached XP level 5. HP: 45/54 MP: 4/4
  2878 | D:4      | Found a staircase to the Ecumenical Temple.
  2922 | D:4      | Reached skill level 1 in Throwing
  2922 | D:4      | Reached XP level 6. HP: 54/62 MP: 5/5
  2978 | D:4      | Reached skill level 5 in Unarmed Combat
  3000 | D:4      | Killed from afar by an orc priest

Illustrated notes

Levels and vault maps discovered:
D:1:      nzn_arrival_settlement, layout_basic, serial_forest,
          infiniplex_forest_clump_tiny, infiniplex_forest_diagonal,
          infiniplex_forest_clump_C, infiniplex_forest_zigzag_1,
          infiniplex_forest_clump_medium, infiniplex_forest_lined_2,
          nicolae_ecumenical_snake_handling, amethyst_killhole
D:2:      layout_loops_ring, serial_shops, shop, grunt_decor_junction,
          uniq_terence
D:3:      layout_basic
D:4:      layout_basic, minmay_temple_entry_junction_2, minivault_25,
          minmay_fractal_squares_5

Skill      XL: |  1  2  3  4  5  6 |
---------------+-------------------+-----
Fighting       | 3 4 |  4.1
Dodging        | 3 |  3.0
Unarmed Combat | 4 5 |  5.0
Throwing       | 1 |  1.3
Evocations     | |  0.9

Action                   |  1- 3 |  4- 6 || total
-------------------------+-------+-------++-------
Melee: Unarmed           |    80 |   122 ||   202
       Punch             |     1 |     4 ||     5
Throw: Stone             |       |     2 ||     2
Invok: Trog's Hand       |       |     1 ||     1
Armor: Animal skin       |    25 |    31 ||    56
Dodge: Dodged            |    33 |    57 ||    90

Table legend: (Time is in decaauts)
 A = Elapsed time spent in this place.
 B = Non-inter-level travel time spent in this place.
 C = Inter-level travel time spent in this place.
 D = Time resting spent in this place.
 E = Time spent auto-exploring this place.
 F = Levels seen in this place.
 G = Mean time per level.
                   A        B        C        D        E       F      G
               +--------+--------+--------+--------+--------+-----+--------+
         Total |   2985 |   2941 |     44 |      0 |   2492 |   4 |  746.2 |
       Dungeon |   2985 |   2941 |     44 |      0 |   2492 |   4 |  746.2 |
               +--------+--------+--------+--------+--------+-----+--------+

Top non-repeatable levels by time:
     D:1: 1072 daAuts
     D:3: 982 daAuts
     D:2: 707 daAuts
     D:4: 222 daAuts
